[Event "*** Titled Tuesday Blitz"]
[Site "Chess.com"]
[Date "2020.03.03"]
[Round "2"]
[White "Mikedannnn"]
[Black "ahachess"]
[Result "1-0"]
[WhiteElo "2519"]
[BlackElo "2238"]
[TimeControl "180+1"]
[EndTime "9:18:31 PST"]
[Termination "Mikedannnn won by checkmate"]

1. e4 c5 2. Nf3 d6 3. d4 cxd4 4. Nxd4 Nf6 5. Nc3 g6 6. Be3 Bg7 7. f3 O-O 8. Qd2 Nc6 9. Bc4 Ne5 10. Bb3 Bd7 11. h4 h5 12. O-O-O Rc8 13. Kb1 Nc4 14. Bxc4 Rxc4 15. b3 Rc8 16. Nde2 b5 17. Bh6 b4 18. Bxg7 Kxg7 19. Nd5 Nxd5 20. exd5 Qb6 21. g4 hxg4 22.
h5 Rh8 23. hxg6 fxg6 24. Nd4 gxf3 25. Qg5 Kf7 26. Rhg1 Rhg8 27. Rde1 Rce8 28. Qf4+ Kg7 29.
Rxg6+ Kxg6 30. Rg1+ Kh7 31. Qh4# 1-0

[Event "*** Titled Tuesday Blitz"]
[Site "Chess.com"]
[Date "2020.03.03"]
[Round "2"]
[White "youngKID"]
[Black "Monmoransy"]
[Result "1-0"]
[WhiteElo "2845"]
[BlackElo "2591"]
[TimeControl "180+1"]
[EndTime "9:18:33 PST"]
[Termination "youngKID won by resignation"]

1. Nf3 d5 2. g3 Nf6 3. Bg2 e6 4. O-O Be7 5. d3 c5 6. Nbd2 Nc6 7. e4 O-O 8. Re1 b5 9. e5 Nd7 10. Nf1 Qc7 11. Bf4 Bb7 12. h4 Rfc8 13. Ne3 Qd8 14. h5 h6 15. Qd2 Nd4 16. Nh2 b4 17. c3 bxc3 18. bxc3 Nc6 19. Neg4 Bf8 20. Rab1 Rab8 21. Nxh6+ gxh6 22. Ng4 Ne7 23. Nxh6+ Bxh6 24. Bxh6 Nf5 25. Bg5 Qf8 26. g4 Ng7 27. Qf4 Ba6 28. Rbd1 Kh7 29. Re3 Rb6 30. c4 Bb7 31. h6 Ne8 32. cxd5 Bxd5 33.
Bxd5 exd5 34. Qf5+ Rg6 35. Qxd7 Nc7 36. Rf3 1-0

[Event "*** Titled Tuesday Blitz"]
[Site "Chess.com"]
[Date "2020.03.03"]
[Round "2"]
[White "ZWISCHENZUGGED"]
[Black "Keranke"]
[Result "0-1"]
[WhiteElo "2566"]
[BlackElo "2795"]
[TimeControl "180+1"]
[EndTime "9:18:34 PST"]
[Termination "Keranke won by resignation"]

1. d4 g6 2. e4 Bg7 3. Nc3 d6 4. Be3 a6 5. Qd2 b5 6. O-O-O Nd7 7. h4 h6 8. f3 Bb7 9. Nh3 Rc8 10. a3 c5 11. dxc5 Nxc5 12. Bd4 Nf6 13. Kb1 O-O 14.
g4 Ne6 15. Be3 Rxc3 16. Qxc3 Nxg4 17. Qd2 Nxe3 18. Qxe3 Qc7 19. Nf4 Rc8 20. c3 Nc5 21. Rg1 Na4 22. Rc1 Qc5 23. Qxc5 Rxc5 24. Bd3 h5 25.
Ne2 Bf6 26. Rh1 d5 27. Nd4 Rc8 28. Rce1 Nc5 29. Bc2 e5 30. Nb3 Ne6 31. Na5 Ba8 32.
exd5 Bxd5 33. Be4 Bxe4+ 34. fxe4 Rd8 35. Rd1 Rxd1+ 36. Rxd1 Bxh4 37. Nc6 Bg3 38. Nb8 Nc5 39. Rd5 Nxe4 40. Nxa6 h4 41. Rd1 Nf2 42. Rf1 h3 43.
Nc7 h2 44. Nxb5 h1=Q 45. Rxh1 Nxh1 46. a4 e4 47. a5 e3 48. Nd4 Be5 49. Ne2 Ng3 50.
a6 Bb8 51. Nxg3 Bxg3 52. a7 e2 53. a8=Q+ Kg7 54. Ka2 e1=Q 55. Qd5 Qe6 56. Qxe6 fxe6 0-1

[Event "*** Titled Tuesday Blitz"]
[Site "Chess.com"]
[Date "2020.03.03"]
[Round "2"]
[White "DrMelekess"]
[Black "elohunter1999"]
[Result "0-1"]
[WhiteElo "2730"]
[BlackElo "2434"]
[TimeControl "180+1"]
[EndTime "9:18:34 PST"]
[Termination "elohunter1999 won on time"]

1. d4 Nf6 2. Nf3 d5 3. e3 c5 4. dxc5 e6 5. c4 Bxc5 6. Nc3 Nc6 7. cxd5 exd5 8. Bb5 O-O 9. O-O Bg4 10. Bxc6 bxc6 11. b3 Bd6 12. Bb2 Qe7 13. Rc1 Ne4 14.
Nxe4 dxe4 15. Qd4 f6 16. Qc4+ Kh8 17. Nd2 Rfe8 18. Qxc6 Rad8 19. Nc4 Bb8 20. h3 Bd7 21. Qb7 Qe6 22. Rfd1 Bc6 23. Qa6 Rd3 24. Na5 Qd6 25. Rxd3 Qh2+ 26. Kf1 exd3 27. Qxd3 Qxg2+ 28. Ke1 Bf3 29. Bd4 Bd6 0-1

[Event "*** Titled Tuesday Blitz"]
[Site "Chess.com"]
[Date "2020.03.03"]
[Round "2"]
[White "Boorchess"]
[Black "secretsuperstar7"]
[Result "1-0"]
[WhiteElo "2518"]
[BlackElo "2243"]
[TimeControl "180+1"]
[EndTime "9:18:37 PST"]
[Termination "Boorchess won on time"]

1. d4 Nf6 2. c4 e6 3. g3 d5 4.
Nf3 dxc4 5. Qa4+ Bd7 6. Qxc4 a6 7. Bg2 Bc6 8. O-O Be7 9. Bg5 O-O 10. Nc3 Nbd7 11. Rfd1 Nb6 12. Qb3 Nbd5 13. Bxf6 Bxf6 14.
Rac1 Qe7 15. Ne4 Nb6 16. Nxf6+ Qxf6 17. Ne5 Bxg2 18. Kxg2 Rac8 19. e3 Rfd8 20. Rc5 Qe7 21. Rdc1 f6 22. Nd3 Kh8 23. f4 Rd7 24. R5c2 Nd5 25.
Kf2 b6 26. Rc6 Rb8 27. Qc2 Nb4 28. Nxb4 Qxb4 29. Rxc7 Rxc7 30. Qxc7 Qd2+ 31. Kf3 Rg8 32. Qc2 Qb4 33. a3 Qa5 34. Kf2 Qd5 35. Qc6 Qh5 36.
h4 h6 37. Qf3 Qf5 38. h5 Qb5 39. Qe2 Qa5 40. Rc6 e5 41. dxe5 fxe5 42. f5 Rf8 43. g4 e4 44. Qc2 Qe5 45. Qc3 Qe7 46. Rxh6+ 1-0

[Event "*** Titled Tuesday Blitz"]
[Site "Chess.com"]
[Date "2020.03.03"]
[Round "2"]
[White "Vegan4future"]
[Black "Firouzja2003"]
[Result "0-1"]
[WhiteElo "2546"]
[BlackElo "3075"]
[TimeControl "180+1"]
[EndTime "9:18:38 PST"]
[Termination "Firouzja2003 won by resignation"]

1. e4 e6 2. Nf3 d5 3. Nc3 Nf6 4.
e5 Nfd7 5. d4 c5 6. dxc5 Nc6 7.
Bf4 a6 8. Bd3 h6 9. Bg3 g5 10.
Qe2 g4 11. Nh4 h5 12. h3 Be7 13. hxg4 hxg4 14. Qxg4 Ndxe5 15. Qa4 Nxd3+ 16. cxd3 d4 17. Ne4 Bxh4 18. Nd6+ Kf8 19. Ke2 Kg7 20. Rh3 Bxg3 21.
Rxg3+ Kf8 22. Rf3 Rh7 23. Rxf7+ Rxf7 24. Rh1 Qf6 25. Nxf7 Kxf7 26. Qb3 Qe5+ 27. Kd1 Qxc5 28. Rh7+ Kf6 29. Rh8 Kg7 30. Re8 Kf7 31. Rh8 Qe5 32. Rh7+ Kg6 33. Rh3 Qd5 34. Rg3+ Kf7 35. Qb6 Bd7 36.
Qc7 Rh8 37. Qf4+ Qf5 38. Qc7 Qh5+ 39. Kd2 Qa5+ 40. Ke2 Qxc7 0-1

[Event "*** Titled Tuesday Blitz"]
[Site "Chess.com"]
[Date "2020.03.03"]
[Round "2"]
[White "guillembaches"]
[Black "Arystanner"]
[Result "0-1"]
[WhiteElo "2406"]
[BlackElo "2749"]
[TimeControl "180+1"]
[EndTime "9:18:38 PST"]
[Termination "Arystanner won on time"]

1. e4 e5 2. Nf3 Nc6 3. Nc3 Nf6 4.
d4 exd4 5. Nxd4 Bb4 6. Nxc6 bxc6 7. Bd3 d5 8. Bd2 O-O 9. O-O Re8 10. Nxd5 Nxd5 11. exd5 Bxd2 12. Qxd2 cxd5 13. b4 Bb7 14.
Rfe1 Qd6 15. Rxe8+ Rxe8 16. Re1 Rxe1+ 17. Qxe1 g6 18.
b5 d4 19. f3 Bd5 20. a4 Be6 21. a5 Kg7 22. g3 Qc5 23. Kf2 h5 24. h4 Bc4 25. Bxc4 Qxc4 26. Qe5+ Kh7 27. Qe2 Qc3 28. a6 Qc5 29. Qd3 Kg7 30. Ke2 f6 31. Kd2 g5 32. Qb3 Qe5 33. hxg5 fxg5 34. Qc4 Qe3+ 35.
Kd1 Qxf3+ 36. Kc1 Qc3 37. Qd5 Kf6 38. Qd8+ Kf5 39. Qd5+ Kg4 40. Qb7 Qc5 41. Qc6 Qxc6 0-1

[Event "*** Titled Tuesday Blitz"]
[Site "Chess.com"]
[Date "2020.03.03"]
[Round "2"]
[White "Elshan1985"]
[Black "Zarikovs1999"]
[Result "1-0"]
[WhiteElo "2733"]
[BlackElo "2369"]
[TimeControl "180+1"]
[EndTime "9:18:39 PST"]
[Termination "Elshan1985 won on time"]

1. d4 Nf6 2. Nf3 c5 3. d5 d6 4.
Nc3 a6 5. e4 b5 6. Bd3 g6 7. a4 b4 8. Ne2 Bg7 9. Ng3 O-O 10. h3 e6 11. dxe6 fxe6 12. O-O d5 13. exd5 exd5 14. Re1 Nc6 15. Bg5 h6 16. Be3 d4 17. Bd2 g5 18. Nf5 Nd5 19. Nxg7 Kxg7 20. Qe2 Bf5 21. Bxf5 Rxf5 22. Qc4 Nb6 23. Qd3 Qd7 24.
a5 Nd5 25. c3 Nf4 26. Bxf4 Rxf4 27. Ne5 Nxe5 28. Rxe5 bxc3 29. bxc3 Re8 30. Rxc5 Qf7 31. g3 Rxf2 32. Qxd4+ Rf6 33. Rf1 Kg6 34. Rxf6+ Qxf6 35. Qxf6+ Kxf6 36. Rc6+ Kg7 37. Kf2 Rb8 38. Ke3 1-0

[Event "*** Titled Tuesday Blitz"]
[Site "Chess.com"]
[Date "2020.03.03"]
[Round "2"]
[White "M1711"]
[Black "cottage_cheese"]
[Result "1-0"]
[WhiteElo "2542"]
[BlackElo "2274"]
[TimeControl "180+1"]
[EndTime "9:18:40 PST"]
[Termination "M1711 won on time"]

1. d4 d5 2. Bf4 c5 3. e3 Nc6 4. c3 Qb6 5. Qb3 c4 6. Qc2 Bf5 7. Qxf5 Qxb2 8. Nf3 e6 9. Qh3 Qxa1 10. Nd2 Nf6 11.
Be2 Ne4 12. O-O Nxd2 13. Nxd2 Qxc3 14. Nf3 Qb2 15. Bd1 c3 16. Bb3 a5 17. e4 a4 18.
Bxd5 exd5 19. exd5 Nb4 20. d6 Nd3 21. d7+ Kd8 22.
Bg5+ f6 23. Qe6 Be7 24. Bh4 c2 25. Bg5 fxg5 26. Qd5 1-0

[Event "*** Titled Tuesday Blitz"]
[Site "Chess.com"]
[Date "2020.03.03"]
[Round "2"]
[White "Lubov_Gordyk"]
[Black "Shield12"]
[Result "0-1"]
[WhiteElo "2634"]
[BlackElo "2902"]
[TimeControl "180+1"]
[EndTime "9:18:42 PST"]
[Termination "Shield12 won by resignation"]

1. e4 e5 2. Nf3 Nc6 3. Nc3 Nf6 4. d4 Bb4 5. Nxe5 Qe7 6. Qd3 Nxe5 7. dxe5 Qxe5 8. Bd2 O-O 9. O-O-O d6 10. f3 h6 11.
Kb1 a5 12. a3 Bc5 13. Bc1 c6 14. Na4 Re8 15. g4 b5 16. Nxc5 dxc5 17. Qd6 Qxd6 18.
Rxd6 Re6 19. Rxe6 Bxe6 20. Be3 c4 21. Be2 b4 22. Rd1 Rb8 23. a4 c3 24. b3 Nd7 25.
Bf4 Rb7 26. Bd6 f6 27. h4 c5 28. Bb5 Ne5 29. Bxe5 fxe5 30. Rd6 Kf7 31. Kc1 Ke7 32. Rc6 Rd7 33. Rxc5 Rd2 34. Rxe5 Rh2 35. Kd1 Kd6 36.
Rh5 Rh1+ 37. Ke2 Bxb3 38. Bd3 Rh2+ 39. Kd1 Bf7 40. Rxa5 b3 41. Rd5+ 0-1

[Event "*** Titled Tuesday Blitz"]
[Site "Chess.com"]
[Date "2020.03.03"]
[Round "2"]
[White "northridgehawk"]
[Black "EugeneRougon"]
[Result "0-1"]
[WhiteElo "2193"]
[BlackElo "2686"]
[TimeControl "180+1"]
[EndTime "9:18:43 PST"]
[Termination "EugeneRougon won on time"]

1. e4 e6 2. Nc3 d5 3. d4 Bb4 4.
Ne2 dxe4 5. a3 Be7 6. Nxe4 Nf6 7. Nxf6+ Bxf6 8. Be3 O-O 9. Qd2 Nd7 10. O-O-O Be7 11. Nf4 Nf6 12. Bd3 Nd5 13. Nxd5 exd5 14. h4 Re8 15. h5 Bf6 16. Kb1 Be6 17. f3 c5 18.
dxc5 d4 19. Bf4 Qd5 20. b3 Qxc5 21. Ka2 Be7 22. Qc1 Rec8 23. Qb2 a5 24. a4 Qb4 25.
Kb1 Rc3 26. Be5 Rd8 27. h6 g6 28. Rd2 Bxb3 29. Rhd1 Qxa4 30. Bxd4 Rxd4 31. Bxg6 Rxd2 32. Bxh7+ Kxh7 33. Rxd2 Bf6 34. Rd3 Bxc2+ 35. Kc1 Bxd3+ 0-1

[Event "*** Titled Tuesday Blitz"]
[Site "Chess.com"]
[Date "2020.03.03"]
[Round "2"]
[White "Blackmind96"]
[Black "vaishali2001"]
[Result "0-1"]
[WhiteElo "2696"]
[BlackElo "2543"]
[TimeControl "180+1"]
[EndTime "9:18:43 PST"]
[Termination "vaishali2001 won by resignation"]

1. d4 Nf6 2. c4 g6 3. f3 d5 4. cxd5 Nxd5 5. e4 Nb6 6. Nc3 Bg7 7. Be3 O-O 8. Qd2 e5 9. d5 c6 10. h4 cxd5 11. exd5 N8d7 12. h5 Nf6 13. hxg6 fxg6 14.
O-O-O Bd7 15. Kb1 Rc8 16. Nh3 Na4 17. Nxa4 Bxa4 18. b3 Bd7 19. Ng5 Bf5+ 20. Bd3 e4 21. Bxe4 Nxe4 22. fxe4 Qxg5 23. Bxg5 Bxe4+ 24. Qd3 Bxd3+ 25.
Rxd3 Rf2 26. Rd2 Rxd2 27. Bxd2 Rd8 28. Be3 Rxd5 29. Rc1 Be5 30. Bxa7 Rd2 31. Rc2 Rd1+ 32. Rc1 Rd2 33. Rc2 Rd1+ 34. Rc1 Rd7 35. Be3 h5 36. Kc2 Kf7 37. Rf1+ Ke6 38. a4 Rc7+ 39. Kd2 Kd5 40. Rf8 Ke4 41. Re8 Rd7+ 42. Ke2 Rc7 43. Ba7 Rc2+ 44.
Kd1 Rxg2 45. Bb8 Rg5 46. a5 h4 47. b4 h3 48. Bxe5 Rxe5 49. Rh8 Rh5 50. Re8+ Kf3 0-1

[Event "*** Titled Tuesday Blitz"]
[Site "Chess.com"]
[Date "2020.03.03"]
[Round "2"]
[White "karwowskikacper"]
[Black "pouya21"]
[Result "0-1"]
[WhiteElo "2364"]
[BlackElo "2732"]
[TimeControl "180+1"]
[EndTime "9:18:44 PST"]
[Termination "pouya21 won by resignation"]

1. e4 c5 2. Nf3 d6 3. c3 Nf6 4. h3 g6 5. Bd3 Bg7 6. O-O O-O 7. Bc2 Nc6 8. d4 cxd4 9. cxd4 e5 10. dxe5 dxe5 11. Nc3 Be6 12. Bg5 h6 13. Bxf6 Bxf6 14. Qxd8 Rfxd8 15. Rfd1 Nd4 16. Nxd4 exd4 17. Nd5 Bxd5 18.
exd5 Rxd5 19. Be4 Rb5 20. b3 Rc8 21. Rac1 Rc3 22. Kf1 Rbc5 23. Rb1 b5 24. Rd3 b4 25. Rbd1 Ra5 26. R3d2 h5 27. Bd3 h4 28. Re2 Re5 29. Rxe5 Bxe5 30. Ke2 Kg7 31. Kf3 f5 32. Ke2 Kf6 33. Bc4 Bf4 34. Bd3 a5 35. Kf3 g5 36.
Ke2 g4 37. Rh1 Kg5 38. f3 g3 39. Rd1 a4 40. bxa4 Ra3 41. Bc4 Rxa4 42. Bb3 Ra7 43. Rxd4 Re7+ 44. Kf1 Rc7 45. Rxb4 Rc1+ 46. Ke2 Rg1 47.
Rb7 Rxg2+ 48. Kd3 Be5 49. Ke3 Rb2 50. Rg7+ Bxg7 0-1

[Event "*** Titled Tuesday Blitz"]
[Site "Chess.com"]
[Date "2020.03.03"]
[Round "2"]
[White "aa175"]
[Black "ChainsOfFantasia"]
[Result "0-1"]
[WhiteElo "2260"]
[BlackElo "2531"]
[TimeControl "180+1"]
[EndTime "9:18:44 PST"]
[Termination "ChainsOfFantasia won by resignation"]

1. d4 Nf6 2. Nf3 e6 3. Bf4 d5 4.
e3 c5 5. Nbd2 Bd6 6. c3 O-O 7.
Bd3 Qc7 8. Ne5 Nbd7 9. Ndf3 Ne4 10. Nxd7 Bxd7 11. Bxe4 Bxf4 12. Bxh7+ Kxh7 13. exf4 Qxf4 14. O-O cxd4 15. cxd4 Rac8 16. Ne5 Bb5 17. Re1 f6 18. Qh5+ Qh6 19. Qxh6+ Kxh6 20. Nf3 Rc6 21. b4 a6 22. a4 Bd3 23. h3 Rfc8 24. Nd2 Kg6 25.
Nb3 b6 26. a5 Rc3 27. Nd2 bxa5 28. Rxa5 Rc1 29. Rxc1 Rxc1+ 30. Kh2 Rc2 31. Nb3 Rxf2 32. Nc5 Bc4 33. Nxe6 Rb2 34. Nf4+ Kf5 35. Nxd5 Ke4 36. Nb6 Bf1 37. d5 Rxg2+ 38. Kh1 Rd2 39. Kg1 Bb5 40. Ra1 Kf3 41. Ra3+ Ke4 42. Ra2 Rxa2 0-1

[Event "*** Titled Tuesday Blitz"]
[Site "Chess.com"]
[Date "2020.03.03"]
[Round "2"]
[White "IMDT02"]
[Black "MokshAD1603"]
[Result "1-0"]
[WhiteElo "2468"]
[BlackElo "2123"]
[TimeControl "180+1"]
[EndTime "9:18:44 PST"]
[Termination "IMDT02 won by checkmate"]

1. d4 Nf6 2. c4 e6 3. Nc3 Bb4 4. e3 O-O 5. Ne2 Re8 6. a3 Bf8 7. d5 a5 8. g3 Na6 9. Bg2 exd5 10.
cxd5 Nc5 11. b3 d6 12. O-O Bf5 13. Nd4 Bd3 14. Re1 Nfe4 15. Bb2 g6 16. b4 Qf6 17. f4 axb4 18. axb4 Rxa1 19. Bxa1 Nxc3 20. Bxc3 Bc4 21. bxc5 dxc5 22. Nb5 Qb6 23. Na3 Bb3 24. Qd2 c4 25. Nc2 Bc5 26. Nd4 Ra8 27. Rb1 Ra4 28.
Bf1 Qa7 29. Kf2 Ra2 30. Rb2 Ra1 31. Rxb3 cxb3 32. Bxa1 Qxa1 33. Nxb3 Qa3 34. Nxc5 Qxc5 35. Qd4 Qc2+ 36. Be2 b5 37. Qb4 Kg7 38. Qxb5 Qd2 39. Qc4 h5 40. h4 Kh6 41. Qd4 Qxd4 42. exd4 Kg7 43. Ke3 Kf6 44. Ke4 Ke7 45. Bf3 Kd6 46.
Kd3 Ke7 47. Kc4 Kd6 48. Kb5 Kd7 49. Kc5 Ke7 50. Kc6 Kd8 51. d6 cxd6 52. Kxd6 Ke8 53. Kc7 Ke7 54. d5 Kf6 55. d6 Kg7 56. d7 g5 57. fxg5 f6 58. gxf6+ Kh7 59. d8=Q Kh6 60.
Qe8 Kh7 61. Be4+ Kh6 62. Qh8# 1-0

[Event "*** Titled Tuesday Blitz"]
[Site "Chess.com"]
[Date "2020.03.03"]
[Round "2"]
[White "Galileo22"]
[Black "Kobalia"]
[Result "0-1"]
[WhiteElo "2328"]
[BlackElo "2632"]
[TimeControl "180+1"]
[EndTime "9:18:45 PST"]
[Termination "Kobalia won by resignation"]

1. d4 d5 2. c4 e6 3. g3 Bb4+ 4. Bd2 Be7 5. Bc3 Nf6 6. Bg2 O-O 7. Nf3 Ne4 8. Nbd2 Nxc3 9. bxc3 c5 10. O-O Nc6 11. e3 Qc7 12. Rc1 Rd8 13. cxd5 exd5 14.
Qb3 Na5 15. Qb1 Be6 16. Ne5 f6 17. Nd3 Rac8 18. Nf4 Bf7 19. e4 dxe4 20. Bxe4 g6 21. Nf3 Qb6 22. Qd3 Bc4 23. Qe3 Bxf1 24. Rxf1 cxd4 25.
cxd4 Nc4 26. Qd3 Ne5 27. Nxe5 fxe5 28. Nd5 Qe6 29. dxe5 Qxe5 30. Qb3 Kh8 31. Bf3 Bc5 32. Kg2 Rf8 33. h4 Rcd8 34. h5 Rxf3 35. Qxf3 Qxd5 36.
hxg6 hxg6 37. Rh1+ Kg7 38. Rh4 Qxf3+ 39. Kxf3 Rf8+ 40.
Kg4 Rxf2 41. Kh3 Rxa2 42. Rc4 b6 43. Re4 a5 0-1

[Event "*** Titled Tuesday Blitz"]
[Site "Chess.com"]
[Date "2020.03.03"]
[Round "2"]
[White "MartinCerveny"]
[Black "Martins-BR"]
[Result "1-0"]
[WhiteElo "2615"]
[BlackElo "2326"]
[TimeControl "180+1"]
[EndTime "9:18:48 PST"]
[Termination "MartinCerveny won by resignation"]

1. d4 f5 2. Nc3 d5 3. Bf4 a6 4. e3 Nf6 5. Nf3 e6 6. Be2 Bd6 7. Bxd6 cxd6 8. h3 O-O 9. g4 Ne4 10. gxf5 Nxc3 11. bxc3 Rxf5 12. h4 h6 13. c4 Nc6 14. c3 dxc4 15. Bxc4 Qf6 16. Be2 Bd7 17. Rg1 Rf8 18. Rg3 Ne7 19. e4 Rf4 20. e5 Qf5 21.
exd6 Nd5 22. Rc1 Bc6 23. Qc2 Qxc2 24. Rxc2 Nb6 25. Ne5 Rxf2 26. c4 Rh2 27. Bd3 Rh1+ 28. Kd2 Rxh4 29. Kc3 Na4+ 30. Kb3 Nb6 31. Kb4 Nd7 32.
Nxd7 Bxd7 33. Kc3 Rff4 34. Rcg2 g5 35. Rb2 b5 36. cxb5 axb5 37. a4 Rxd4 38. axb5 Rxd6 39. b6 Bc6 40. b7 Bxb7 41. Rxb7 Rhd4 42. Rf3 Rd7 43.
Rb8+ Kg7 44. Rb4 Rxb4 45. Kxb4 h5 46. Kc3 g4 47. Re3 Kf6 48. Kd2 e5 49. Ke2 Rd4 50. Kf2 Rf4+ 51. Kg2 Ke6 52. Be2 e4 53. Kg3 Kf5 54.
Ra3 Rf3+ 55. Bxf3 gxf3 56. Ra5+ Kf6 57. Rxh5 1-0

[Event "*** Titled Tuesday Blitz"]
[Site "Chess.com"]
[Date "2020.03.03"]
[Round "2"]
[White "AniJak"]
[Black "124chess"]
[Result "0-1"]
[WhiteElo "2115"]
[BlackElo "2461"]
[TimeControl "180+1"]
[EndTime "9:18:48 PST"]
[Termination "124chess won on time"]

1. e4 d6 2. d4 Nf6 3. Nc3 c6 4. g3 e5 5. Nge2 Be7 6. Bg2 O-O 7. O-O b5 8. a3 a5 9. h3 Ba6 10. Kh2 b4 11. axb4 axb4 12. Na4 exd4 13. Re1 Nbd7 14. Nxd4 Bb5 15. e5 Nxe5 16. Nxb5 cxb5 17. Bxa8 Qxa8 18. Re3 bxa4 19. f4 Ng6 20. c3 b3 21. Qd4 Qa6 22.
Rxa4 Qf1 23. Qd2 d5 24. Re1 Qb5 25. Ra7 Bc5 26. Ra1 Ne4 27. Qe2 Bf2 28. Qxb5 Bxg3+ 29. Kg2 Bxe1 30. Qe2 Nh4+ 31. Kg1 Bf2+ 32. Kh2 Bg3+ 33. Kh1 Nf2+ 34. Kg1 Nxh3+ 35. Kh1 Nf2+ 36. Kg1 Ne4 37. Be3 Re8 38. Rf1 Nf5 39. Bf2 h5 0-1

[Event "*** Titled Tuesday Blitz"]
[Site "Chess.com"]
[Date "2020.03.03"]
[Round "2"]
[White "vugarrasulov"]
[Black "Witik"]
[Result "1-0"]
[WhiteElo "2899"]
[BlackElo "2630"]
[TimeControl "180+1"]
[EndTime "9:18:50 PST"]
[Termination "vugarrasulov won on time"]

1. e4 c6 2. Nc3 d5 3. Nf3 dxe4 4. Nxe4 Nf6 5. Qe2 Bg4 6. h3 Bh5 7. Ng3 Bg6 8. Ne5 e6 9. Nxg6 hxg6 10. d3 c5 11. Bd2 Nc6 12. O-O-O Qb6 13. Ne4 O-O-O 14.
Ng5 Rd7 15. Nf3 Bd6 16. g3 Kb8 17. Bg2 Rc8 18. Kb1 Nd5 19. c4 Nde7 20. g4 Qc7 21.
Bc3 e5 22. Ng5 Rf8 23. Ne4 Nd4 24. Bxd4 exd4 25. Nxd6 Qxd6 26. h4 a6 27. h5 g5 28.
Rde1 f6 29. h6 gxh6 30. Rxh6 Ka7 31. Qe6 Nc6 32. Bxc6 bxc6 33. Qxd6 Rxd6 34. Re7+ Kb6 35.
Rhh7 f5 36. Rb7+ Ka5 37. Rb3 1-0

[Event "*** Titled Tuesday Blitz"]
[Site "Chess.com"]
[Date "2020.03.03"]
[Round "2"]
[White "chigorin28"]
[Black "SanchezKelvin"]
[Result "0-1"]
[WhiteElo "2660"]
[BlackElo "2337"]
[TimeControl "180+1"]
[EndTime "9:18:50 PST"]
[Termination "SanchezKelvin won by resignation"]

1. e4 c5 2. Nf3 d6 3. d4 cxd4 4. Nxd4 Nf6 5. Nc3 g6 6. Be3 Bg7 7. f3 O-O 8. Bc4 Nc6 9. Qd2 Ne5 10. Bb3 Bd7 11. O-O-O Rc8 12. h4 h5 13. Kb1 Re8 14.
Bg5 Rc5 15. Rhe1 Qc8 16. Bh6 b5 17. Bxg7 Kxg7 18. f4 Neg4 19. Nf3 b4 20. Nd5 Nxd5 21. Bxd5 a5 22. e5 e6 23. Be4 d5 24. Bd3 Qb7 25. Ng5 Rec8 26. Rc1 a4 27. Be2 a3 28. b3 Nf2 29.
Bxh5 Ne4 30. Nxe4 dxe4 31. Bg4 Rd5 32. Qe2 Qc6 33. h5 Qc3 34. h6+ Kh8 0-1

[Event "*** Titled Tuesday Blitz"]
[Site "Chess.com"]
[Date "2020.03.03"]
[Round "2"]
[White "ajian"]
[Black "Andrei_Belozerov"]
[Result "0-1"]
[WhiteElo "2268"]
[BlackElo "2650"]
[TimeControl "180+1"]
[EndTime "9:18:50 PST"]
[Termination "Andrei_Belozerov won on time"]

1. d4 d5 2. c4 c6 3. cxd5 cxd5 4. Nc3 Nf6 5. Nf3 Nc6 6. Bf4 Bf5 7. e3 e6 8. Bd3 Bxd3 9. Qxd3 Be7 10. a3 O-O 11.
O-O Rc8 12. Rac1 Nd7 13. Nd2 Nb6 14. b4 Qd7 15. h3 a5 16. b5 Na7 17. a4 Bb4 18.
Nb3 Rc4 19. Rfd1 Rfc8 20. Nc5 Bxc5 21. dxc5 R8xc5 22. Be5 Nac8 23. Bd4 Rc7 24. Ra1 h6 25. f4 Qe7 26. Rdb1 Nd7 27. Ne2 Nc5 28. Bxc5 Qxc5 29. Nd4 Nd6 30. f5 Rc3 31. Qe2 e5 32. Nf3 Qxe3+ 33. Qxe3 Rxe3 34. Re1 Rxe1+ 35. Rxe1 f6 36. g4 d4 37. Rd1 Rc3 38. Kf2 Ne4+ 39. Kg2 Rc2+ 40.
Kg1 Kf7 41. Rd3 Nf2 0-1

[Event "*** Titled Tuesday Blitz"]
[Site "Chess.com"]
[Date "2020.03.03"]
[Round "2"]
[White "champ2005"]
[Black "Dave_ChessMate"]
[Result "1-0"]
[WhiteElo "3000"]
[BlackElo "2445"]
[TimeControl "180+1"]
[EndTime "9:18:51 PST"]
[Termination "champ2005 won by resignation"]

1. f4 e5 2. fxe5 d6 3. exd6 Bxd6 4. Nf3 Nc6 5. d4 Nf6 6. Nc3 Bf5 7. Bg5 Qe7 8. Bxf6 gxf6 9. e4 Bxe4 10. Nxe4 Qxe4+ 11. Qe2 f5 12. c3 O-O-O 13. Qxe4 fxe4 14. Ng5 Rdf8 15. Bc4 Nd8 16. O-O f5 17. Rf2 h6 18.
Ne6 Rf6 19. Ng7 Rhf8 20. Raf1 f4 21. Nh5 Rf5 22. Ng3 e3 23. Rf3 Rg5 24. Ne4 Rgf5 25. g4 Rg5 26. h3 b5 27. Bd3 Ne6 28. Nxd6+ cxd6 29. Kh2 Kd7 30. Bf5 Rfxf5 31. gxf5 Rxf5 32. h4 d5 33. Kh3 Rf7 34. Rxe3 fxe3 35. Rxf7+ Kd6 36. Kg3 b4 37. Kf3 bxc3 38. bxc3 Nd8 39. Rf6+ Ke7 40. Rxh6 Nf7 41. Ra6 1-0

[Event "*** Titled Tuesday Blitz"]
[Site "Chess.com"]
[Date "2020.03.03"]
[Round "2"]
[White "mortngabriel"]
[Black "freshfoodcompany"]
[Result "1/2-1/2"]
[WhiteElo "2407"]
[BlackElo "2159"]
[TimeControl "180+1"]
[EndTime "9:18:54 PST"]
[Termination "Game drawn by repetition"]

1. e4 c5 2. Nf3 Nc6 3. g3 Qc7 4. Bg2 g6 5. O-O Bg7 6. c3 e5 7. Na3 a6 8. Nc4 Nge7 9. a4 d6 10.
a5 Bg4 11. h3 Bxf3 12. Qxf3 Rd8 13. d3 O-O 14. Qe2 Rfe8 15. Bd2 Nc8 16. Be3 N6e7 17.
b4 Kh8 18. bxc5 dxc5 19. Rfd1 Nd6 20. Nb6 Nb5 21. Qc2 f5 22. Na4 Qxa5 23. Bxc5 Nc8 24. exf5 gxf5 25. Bxb7 e4 26. Bxc8 Rxc8 27. Bb6 Nd4 28.
cxd4 Rxc2 29. Bxa5 Bxd4 30. Ra3 Rxf2 31. Kh1 e3 32. Bc3 Bxc3 33. Nxc3 e2 34. Nxe2 Rexe2 35.
d4 Rh2+ 36. Kg1 Reg2+ 37. Kf1 Rf2+ 38. Kg1 Rfg2+ 39. Kf1 Rf2+ 40. Kg1 Rfg2+ 1/2-1/2

[Event "*** Titled Tuesday Blitz"]
[Site "Chess.com"]
[Date "2020.03.03"]
[Round "2"]
[White "Alexander_Moskalenko"]
[Black "TST2014"]
[Result "1-0"]
[WhiteElo "2829"]
[BlackElo "2583"]
[TimeControl "180+1"]
[EndTime "9:18:56 PST"]
[Termination "Alexander_Moskalenko won by resignation"]

1. e4 c5 2. Nf3 Nc6 3. d4 cxd4 4. Nxd4 Nf6 5. Nc3 d6 6. Bg5 e6 7.
Qd2 a6 8. O-O-O Bd7 9. f4 h6 10. Bxf6 Qxf6 11. Nf3 Qd8 12. Kb1 Be7 13. g4 Qc7 14. h4 O-O-O 15. Bg2 Kb8 16. h5 Na5 17. Bf1 Nc4 18. Bxc4 Qxc4 19. Rhe1 Bc6 20. Re3 d5 21.
Ne5 Qc5 22. Nxf7 dxe4 23. Nxd8 Rxd8 24. Qe1 Rxd1+ 25. Nxd1 Bf6 26. Nc3 Qd4 27. g5 hxg5 28. fxg5 Bxg5 29. Qg3+ e5 30. Qxg5 Qd2 31. Qxe5+ Ka8 32.
Qg3 Ka7 33. Qe1 Qh2 34. Nxe4 Qxh5 35. Nc3 g5 36. a3 g4 37. Rg3 Bf3 38. Qg1+ Ka8 39.
Qf2 Qh1+ 40. Rg1 Qh5 41. Re1 Qg6 42. a4 Bc6 43. Rd1 Qg5 44. Qd2 Qg6 45. Qd8+ Ka7 46.
a5 Bf3 47. Qb6+ Qxb6 48. axb6+ Kxb6 49. Rg1 Kc5 50. Kc1 Kd4 51. Kd2 Ke5 52. Ke3 b5 53. Ra1 Bb7 54. Ne2 Kf5 55. Ng3+ Kg5 56. b3 Kh4 57. Kf4 Kh3 58. c4 b4 59. c5 Bd5 60.
Rxa6 Bxb3 61. Rb6 Bd5 62. Rxb4 Bf3 63. Rb6 Kg2 64. Rg6 Kh3 65. Rh6+ Kg2 66. Rh4 Kf2 67. Ne4+ Ke2 68. c6 Bxe4 69. Kxe4 g3 70. c7 g2 71. Rg4 g1=Q 72. Rxg1 1-0

[Event "*** Titled Tuesday Blitz"]
[Site "Chess.com"]
[Date "2020.03.03"]
[Round "2"]
[White "GM-2023"]
[Black "JakeCarlosBanawa"]
[Result "0-1"]
[WhiteElo "2043"]
[BlackElo "2442"]
[TimeControl "180+1"]
[EndTime "9:18:57 PST"]
[Termination "JakeCarlosBanawa won on time"]

1. e4 c5 2. Nf3 d6 3. d4 cxd4 4.
Nxd4 Nf6 5. Nc3 a6 6. Bg5 e6 7. Qe2 Nc6 8. O-O-O Qc7 9. f4 Be7 10. Kb1 O-O 11. g4 Bd7 12. h4 Rac8 13. Nb3 Rfe8 14.
Bg2 b5 15. h5 b4 16. Na4 Na5 17. Bxf6 gxf6 18. g5 Bxa4 19. g6 Nc4 20. gxf7+ Kxf7 21.
Bh3 Rg8 22. Nd4 Bd7 23. f5 e5 24. Ne6 Bxe6 25. fxe6+ Ke8 26. Rhg1 Rg5 27. Rxg5 fxg5 28. Rf1 Qb6 29. h6 Kd8 30. Rd1 Na3+ 31. Ka1 Nxc2+ 32. Kb1 Nd4 0-1